 Dungeon Crawl Stone Soup version 0.31-a0-986-g5e6e4ef867 (webtiles) character file.

Game seed: 12540306259113115006

17286 Gelion the Nimble (level 12, 0/90 HPs)
             Began as a Djinni Conjurer on Nov 13, 2023.
             Was a Priest of Makhleb.
             Slain by a death yak (20 damage)
             ... on level 9 of the Dungeon.
             The game lasted 00:57:52 (13278 turns).

Gelion the Nimble (Djinni Conjurer)                Turns: 13278, Time: 00:57:53

Health: 0/90       AC:  9    Str:  6    XL:     12   Next: 80%
Gold:   311        EV: 17    Int: 24    God:    Makhleb [***...] SH:  0 Dex: 19

rFire   + + .        d - +2 quarterstaff (speed)
rCold   . . .        (shield currently unavailable)
rNeg    + + .        I - +0 troll leather armour
rPois   ∞            D - +1 helmet
rElec   .            j - scarf {repulsion}
rCorr   +            m - +2 pair of gloves {Stlth+}
SInv    .            (boots unavailable)
Will    +....        t - amulet of regeneration
Stlth   +++          x - ring "Soen" {rN++ rCorr Dex+6}
HPRegen 1.95/turn    v - ring of protection from cold
MPRegen 0.00/turn

%: repel missiles, infuse magic (-1 HP)
@: mighty, confusing by touch, flying, studying Polearms
A: sickness immunity, fire resistance 2, cold vulnerability 1, float, innate
caster, HP casting, extra vitality 1
a: Renounce Religion, Minor Destruction, Lesser Servant of Makhleb


You were on level 9 of the Dungeon.
You worshipped Makhleb.
Makhleb was most pleased with you.
You visited 3 branches of the dungeon, and saw 13 of its levels.

You collected 1637 gold pieces.
You spent 1326 gold pieces at shops.

Inventory:

Hand Weapons
 d - a +2 quarterstaff of speed (weapon)
 L - a +1 demon whip of venom
Missiles
 e - 3 javelins
 z - 3 throwing nets
Armour
 j - a scarf of repulsion (worn)
 m - a +2 pair of gloves of stealth (worn)
 D - a +1 helmet (worn)
 I - a +0 troll leather armour (worn)
Jewellery
 t - an amulet of regeneration (around neck)
 v - a ring of protection from cold (right hand)
 x - the ring "Soen" (left hand) {rN++ rCorr Dex+6}
   (You bought it in a shop on level 7 of the Dungeon)

   [ring of dexterity]

   Dex+6:     It affects your dexterity (+6).
   rN++:      It greatly protects you from negative energy.
   rCorr:     It protects you from acid and corrosion.
Wands
 a - a wand of quicksilver (8)
 g - a wand of flame (21)
 y - a wand of charming (6)
 B - a wand of iceblast (17)
 E - a wand of polymorph (5)
Scrolls
 b - 2 scrolls of identify
 h - 2 scrolls of fog
 k - 4 scrolls of teleportation
 l - a scroll of fear
 n - 3 scrolls of immolation
 o - a scroll of summoning
 p - a scroll of vulnerability
 q - a scroll of revelation
 F - a scroll of silence
 G - a scroll of poison
 K - a scroll of enchant armour
Potions
 c - a potion of attraction
 f - a potion of brilliance
 i - 2 potions of invisibility
 r - 5 potions of might
 s - 2 potions of heal wounds
 u - 2 potions of magic
 w - a potion of ambrosia
 A - 5 potions of enlightenment
 H - 2 potions of resistance
 J - a potion of haste {unknown}


   Skills:
 + Level 9.5 Fighting
 + Level 7.7 Maces & Flails
 + Level 4.4 Armour
 - Level 10.0 Dodging
 - Level 1.5 Stealth
 + Level 6.8 Spellcasting
 + Level 6.8 Conjurations
 + Level 6.8 Hexes
 + Level 6.8 Summonings
 + Level 6.8 Necromancy
 + Level 6.8 Translocations
 + Level 6.8 Transmutations
 + Level 6.8 Fire Magic
 + Level 6.8 Ice Magic
 + Level 6.8 Air Magic
 + Level 6.8 Earth Magic
 + Level 6.8 Poison Magic
 + Level 8.5 Invocations


You knew the following spells:

 Your Spells              Type           Power      Damage    Failure   Level
a - Magic Dart            Conj           100%       1d8       1%          1
b - Searing Ray           Conj           82%        2d7       1%          2
c - Dazzling Flash        Conj/Hex       82%        N/A       1%          3
d - Fulminant Prism       Conj/Hex       20%        3d12      7%          4
e - Iskenderun's Mystic   Conj/Tloc      41%        2d9       7%          4
f - Slow                  Hex            100%       N/A       1%          1
g - Jinxbite              Hex            82%        N/A       1%          2
h - Blink                 Tloc           82%        N/A       1%          2
i - Confusing Touch       Hex            41%        N/A       1%          3
j - Fireball              Conj/Fire      20%        3d10      19%         5
Your spell library was empty.

Dungeon Overview and Level Annotations

Branches:
Dungeon (11/15)            Temple (1/1) D:5            Lair (1/5) D:9
    Orc (0/2) D:11

Altars:
Ashenzari
Cheibriados
Dithmenos
Elyvilon
Fedhas
Gozag
Hepliaklqana
Makhleb
Nemelex Xobeh
Okawaru
Qazlal
Ru
Trog
Uskayaw
Wu Jian
Xom
Yredelemnul
Zin
The Shining One

Shops:
D:7 ==?   D:9 !=(

Annotations:
D:7 1 runed translucent door, mandarbmax's ghost, novice MeWn


Innate Abilities, Weirdness & Mutations

You are immune to sickness and miasma.
You are immune to poison.
Your flesh is very heat resistant. (rF++)
You are vulnerable to cold. (rC-)
You float through the air rather than walking.
You learn spells naturally, not from books.
Your magical power is your life essence.
You have superior vitality. (+4 MHP)


Message History

The death yak gores you but does no damage.
You hit the death yak but do no damage.
The death yak is almost dead.
You hit the death yak but do no damage.
The death yak is almost dead.
The death yak completely misses you.
You hit the death yak but do no damage.
The death yak is almost dead.
The death yak gores you.
* * * LOW HITPOINT WARNING * * *
You hit the death yak but do no damage.
The death yak is almost dead.
The death yak gores you!
* * * LOW HITPOINT WARNING * * *
You feel much better. The death yak completely misses you.
You barely miss the death yak.
The death yak is almost dead.
You barely miss the death yak.
The death yak is almost dead.
The death yak misses you.
You completely miss the death yak.
The death yak is almost dead.
The death yak gores you but does no damage.
You hit the death yak but do no damage.
The death yak is almost dead.
You hit the death yak but do no damage.
The death yak is almost dead.
The death yak gores you!
* * * LOW HITPOINT WARNING * * *
You hit the death yak but do no damage.
The death yak is almost dead.
The death yak gores you!!
* * * LOW HITPOINT WARNING * * *
You barely miss the death yak.
The death yak is almost dead.
You hit the death yak but do no damage.
The death yak is almost dead.
The death yak gores you but does no damage.
You feel much better. The death yak gores you!!
You die...

### #######.# ###....[...
##### ##### #.....###..
#######...#####.#.#####..####
###
..##..'.........@###...### #
..#..##...###.###Y..#### #
....###...# ### ####.# #
..### #...# ### ### ..# #####
#.> ..# ### ### ### .## #.##
###.# .## #..# #...# ..#
#######'### ##.######


You could see a death yak.

Vanquished Creatures
  Josephine (D:10)
  An ice dragon (Lair:1)
  2 boulder beetles (D:11)
  Erica (D:10)
  2 two-headed ogres
  Amaemon (Lair:1)
  Pikel (D:8)
  A cane toad (Lair:1)
  5 gargoyles
  An orange demon (Lair:1)
  An ice devil (Lair:1)
  A polar bear (Lair:1)
  3 trolls (D:10)
  A hornet (D:8)
  A shadow (D:10)
  6 wyverns
  7 yaks
  4 hogs (D:10)
  A basilisk (D:9)
  A steam dragon (D:8)
  6 wraiths
  A human (D:10)
  8 water moccasins
  7 orc warriors
  A swamp drake (D:9)
  An ice beast (D:6)
  3 black bears
  4 ogres
  4 centaurs
  A lemure (D:8)
  A phantom (D:4)
  2 kobold brigands (D:8)
  6 bullfrogs
  3 wights (D:8)
  5 killer bees (D:11)
  3 howler monkeys
  2 jellies
  A gnoll bouda (D:6)
  6 orc priests
  4 hounds
  Crazy Yiuf (D:7)
  Ijyb (D:5)
  2 sleepcaps
  An iguana (D:6)
  10 orc wizards
  13 adders
  18 gnolls
  A shadow imp (D:6)
  4 ufetubi
  2 dart slugs
  32 orcs
  8 ball pythons
  7 endoplasms
  A giant cockroach (D:1)
  18 goblins
  9 hobgoblins
  7 jackals
  13 kobolds
  9 quokkas
  4 bats
  3 frilled lizards
  11 rats
286 creatures vanquished.

Vanquished Creatures (others)
  14 fulminant prisms
14 creatures vanquished.

Grand Total: 300 creatures vanquished

Notes
Turn   | Place    | Note
-------+----------+-------------------------------------------
     0 | D:1      | Gelion the Djinni Conjurer began the quest for the Orb.
     0 | D:1      | Gelion set off with the following spells memorised: Magic
                  | Dart, Searing Ray, Dazzling Flash, Fulminant Prism,
                  | Iskenderun's Mystic Blast.
     0 | D:1      | Reached XP level 1. HP: 15/15 MP: 0/0
   276 | D:1      | Reached XP level 2. HP: 20/22 MP: 0/0
   517 | D:1      | Reached skill level 1 in Fighting
   600 | D:1      | Reached XP level 3. HP: 25/27 MP: 0/0
   600 | D:1      | Learned a level 1 spell: Slow
   999 | D:2      | Reached skill level 3 in Dodging
  1046 | D:2      | Reached XP level 4. HP: 20/33 MP: 0/0
  1844 | D:3      | Found a bloodstained altar of Trog.
  2079 | D:3      | Found a shadowy altar of Dithmenos.
  2085 | D:3      | Reached XP level 5. HP: 35/38 MP: 0/0
  2085 | D:3      | Learned a level 2 spell: Jinxbite
  2848 | D:4      | Found an iron altar of Okawaru.
  2867 | D:4      | Reached skill level 1 in Maces & Flails
  2884 | D:4      | Noticed an ogre
  2892 | D:4      | Killed an ogre
  2893 | D:4      | Reached skill level 4 in Dodging
  2893 | D:4      | Reached XP level 6. HP: 22/46 MP: 0/0
  3059 | D:4      | Found a broken altar of Ashenzari.
  3260 | D:4      | Found a hazy altar of Hepliaklqana.
  3345 | D:4      | Noticed an ogre
  3351 | D:4      | Killed an ogre
  3352 | D:4      | Reached XP level 7. HP: 45/50 MP: 0/0
  3352 | D:4      | Learned a level 2 spell: Blink
  3890 | D:4      | Reached skill level 5 in Dodging
  4247 | D:5      | Entered Level 5 of the Dungeon
  4350 | D:5      | Found a staircase to the Ecumenical Temple.
  4359 | Temple   | Entered the Ecumenical Temple
  4378 | Temple   | Became a worshipper of Makhleb the Destroyer
  4502 | D:5      | Reached XP level 8. HP: 21/58 MP: 0/0
  4682 | D:5      | Reached skill level 1 in Invocations
  4931 | D:5      | Found an ornate altar of the Wu Jian Council.
  4967 | D:5      | Noticed Ijyb
  4979 | D:5      | Killed Ijyb
  5482 | D:6      | Identified the +6 short sword of the Fray {drain, *Slow rF+
                  | Int+6 Dex+2}
  5556 | D:6      | Reached skill level 5 in Fighting
  5556 | D:6      | Reached skill level 6 in Dodging
  5556 | D:6      | Reached XP level 9. HP: 42/65 MP: 0/0
  5556 | D:6      | Learned a level 3 spell: Confusing Touch
  5951 | D:6      | Reached skill level 5 in Spellcasting
  5951 | D:6      | Reached skill level 5 in Conjurations
  5951 | D:6      | Reached skill level 5 in Hexes
  5951 | D:6      | Reached skill level 5 in Summonings
  5951 | D:6      | Reached skill level 5 in Necromancy
  5951 | D:6      | Reached skill level 5 in Translocations
  5951 | D:6      | Reached skill level 5 in Transmutations
  5951 | D:6      | Reached skill level 5 in Fire Magic
  5951 | D:6      | Reached skill level 5 in Ice Magic
  5951 | D:6      | Reached skill level 5 in Air Magic
  5951 | D:6      | Reached skill level 5 in Earth Magic
  5951 | D:6      | Reached skill level 5 in Poison Magic
  6005 | D:6      | Reached * piety under Makhleb
  6500 | D:7      | Found a runed translucent door.
  6501 | D:7      | Noticed mandarbmax's ghost (novice MeWn)
  6802 | D:7      | Found Geimaoxe's Jewellery Boutique.
  7234 | D:7      | Found Hanip's Jewellery Shoppe.
  7288 | D:7      | Bought an amulet of regeneration for 300 gold pieces
  7375 | D:7      | Reached skill level 7 in Dodging
  7387 | D:7      | Found Tebrit's Magic Scroll Boutique.
  7505 | D:7      | Found a runed translucent door.
  7506 | D:7      | Noticed Crazy Yiuf
  7610 | D:7      | Killed Crazy Yiuf
  7819 | D:8      | Noticed Pikel
  7831 | D:8      | Killed Pikel
  7832 | D:8      | Reached XP level 10. HP: 69/73 MP: 0/0
  7861 | D:8      | Reached skill level 5 in Maces & Flails
  7890 | D:8      | Found an opulent altar of Gozag.
  7918 | D:8      | Reached skill level 5 in Invocations
  8015 | D:8      | Found a shimmering altar of Xom.
  8065 | D:8      | Noticed a gargoyle
  8096 | D:8      | Killed a gargoyle
  8144 | D:8      | Noticed a gargoyle
  8163 | D:8      | Killed a gargoyle
  8164 | D:8      | Reached skill level 8 in Dodging
  8182 | D:8      | Noticed a gargoyle
  8217 | D:8      | Killed a gargoyle
  8217 | D:8      | Reached ** piety under Makhleb
  8274 | D:8      | Noticed a gargoyle
  8309 | D:8      | Killed a gargoyle
  9071 | D:8      | Identified a scroll of acquirement
  9073 | D:8      | Acquired 1035 gold pieces
  9130 | D:7      | Bought the ring "Soen" {rN++ rCorr Dex+6} for 886 gold
                  | pieces
  9337 | D:9      | Reached XP level 11. HP: 59/79 MP: 0/0
  9337 | D:9      | Learned a level 5 spell: Fireball
  9471 | D:9      | Found Rongid's Distillery.
  9480 | D:9      | Found Totade's Jewellery Emporium.
  9482 | D:9      | Found Huiraneint's Antique Weapon Shop.
  9486 | D:9      | Bought a potion of heal wounds for 70 gold pieces
  9486 | D:9      | Bought a potion of heal wounds for 70 gold pieces
  9872 | D:9      | Reached skill level 9 in Dodging
 10305 | D:9      | Found a staircase to the Lair.
 10659 | D:10     | Entered Level 10 of the Dungeon
 10676 | D:10     | Noticed Erica
 10749 | D:10     | Killed Erica
 10778 | D:10     | Reached *** piety under Makhleb
 11045 | D:10     | Noticed Josephine
 11080 | D:10     | Killed Josephine
 11081 | D:10     | Reached skill level 1 in Armour
 11125 | D:10     | Noticed a two-headed ogre
 11139 | D:10     | Killed a two-headed ogre
 11140 | D:10     | Reached XP level 12. HP: 76/88 MP: 0/0
 11657 | Lair:1   | Entered Level 1 of the Lair of Beasts
 11688 | Lair:1   | Reached skill level 10 in Dodging
 11831 | Lair:1   | Noticed Amaemon
 11854 | Lair:1   | Killed Amaemon
 12266 | Lair:1   | Noticed an ice dragon
 12271 | Lair:1   | Noticed a death yak
 12279 | Lair:1   | Killed an ice dragon
 12280 | Lair:1   | Noticed a death yak
 12463 | D:11     | Noticed a boulder beetle
 12502 | D:11     | Killed a boulder beetle
 12530 | D:11     | Noticed a boulder beetle
 12602 | D:11     | Killed a boulder beetle
 12691 | D:11     | Found a staircase to the Orcish Mines.
 12723 | D:11     | Identified the +1 ring mail of Poehy {Rampage Str+5}
 12769 | D:11     | Noticed a two-headed ogre
 12784 | D:11     | Killed a two-headed ogre
 12900 | D:11     | Identified the +4 dagger of Mastery {antimagic, rF+ rCorr
                  | Int+3}
 13232 | D:9      | HP: 3/90 [death yak (12)]
 13275 | D:9      | HP: 1/90 [death yak (20)]
 13278 | D:9      | Slain by a death yak

Illustrated notes

Levels and vault maps discovered:
D:1:      dpeg_arrival_chambers_temple_mockup, layout_basic
D:2:      kennysheep_the_goblin_king, layout_basic, st_stairs_6,
          kennysheep_generic_room_7
D:3:      layout_loops_corners, trog_butcher_becter, grunt_dithmenos_smoke
D:4:      layout_loops_cross, old_standard_altar,
          mainiacjoe_overflow_large_starburst, kennysheep_nondescript,
          minmay_goblin_kobold_house
D:5:      layout_rooms, mainiacjoe_overflow_cross_hatched, temple_fountains,
          minmay_manual_mares, uniq_ijyb
D:6:      layout_basic
D:7:      layout_basic, serial_shops, shop, nicolae_shop_hallway_plus,
          nicolae_shop_tiny_real_fake_doors, gammafunk_ghost_grave,
          uniq_crazy_yiuf_cottage
D:8:      cheibrodos_statue_roulette, layout_layer_cave,
          mainiacjoe_overflow_catch_the_wave, uniq_pikel
D:9:      layout_roguey, erik_lair_dragon, nicolae_wooded_promenade,
          minmay_fractal_squares_diagonal_5
D:10:     layout_roguey, mainiacjoe_overflow_catwalk, grunt_livestock,
          uniq_erica, uniq_josephine
D:11:     layout_roguey, orc_0_dummy
Temple:   compressed_dpeg_triangle_lava_temple
Lair:1:   dreamdust_isle_of_ice, layout_misc_corridors, serial_bayou_shore_b,
          uniq_amaemon

Skill      XL: |  1  2  3  4  5  6  7  8  9 10 11 12 |
---------------+-------------------------------------+-----
Fighting       | 1 2 3 4 5 6 7 8 9 |  9.5
Dodging        | 3 4 5 6 7 8 9 10 | 10.0
Maces & Flails | 1 2 3 4 5 6 7 |  7.7
Spellcasting   | 4 5 6 |  6.8
Conjurations   | 4 5 6 |  6.8
Hexes          | 4 5 6 |  6.8
Summonings     | 4 5 6 |  6.8
Necromancy     | 4 5 6 |  6.8
Translocations | 4 5 6 |  6.8
Transmutations | 4 5 6 |  6.8
Fire Magic     | 4 5 6 |  6.8
Ice Magic      | 4 5 6 |  6.8
Air Magic      | 4 5 6 |  6.8
Earth Magic    | 4 5 6 |  6.8
Poison Magic   | 4 5 6 |  6.8
Invocations    | 2 4 6 7 8 |  8.5
Armour         | 2 4 |  4.4
Stealth        | |  1.5

Action                     |  1- 3 |  4- 6 |  7- 9 | 10-12 || total
---------------------------+-------+-------+-------+-------++-------
  Melee: Quarterstaff      |       |       |     1 |   278 ||   279
   Cast: Magic Dart        |    72 |   129 |   163 |   132 ||   496
         Searing Ray       |       |     7 |    60 |   118 ||   185
         Slow              |       |     2 |    16 |    75 ||    93
         Jinxbite          |       |       |     1 |     1 ||     2
         Confusing Touch   |       |       |       |    30 ||    30
         Fireball          |       |       |       |    35 ||    35
         Dazzling Flash    |       |       |       |    29 ||    29
         Fulminant Prism   |       |       |       |    14 ||    14
         Blink             |       |       |       |     2 ||     2
    Use: Scroll            |       |       |    19 |     9 ||    28
         Potion            |       |       |       |     6 ||     6
   Stab: Confused          |       |       |       |    20 ||    20
 Armour: Robe              |     3 |    18 |    85 |   133 ||   239
         Troll leather arm |       |       |       |   144 ||   144
  Dodge: Dodged            |     4 |    24 |    99 |   387 ||   514
         Repelled          |       |       |       |     3 ||     3

Table legend: (Time is in decaauts)
 A = Elapsed time spent in this place.
 B = Non-inter-level travel time spent in this place.
 C = Inter-level travel time spent in this place.
 D = Time resting spent in this place.
 E = Time spent auto-exploring this place.
 F = Levels seen in this place.
 G = Mean time per level.
                   A        B        C        D        E       F      G
               +--------+--------+--------+--------+--------+-----+--------+
         Total |  13252 |  12240 |   1012 |    204 |   9337 |  13 | 1019.4 |
       Dungeon |  12535 |  11572 |    963 |    204 |   8944 |  11 | 1139.5 |
        Temple |     35 |      2 |     33 |      0 |      0 |   1 |   35.0 |
          Lair |    681 |    666 |     15 |      0 |    393 |   1 |  681.0 |
               +--------+--------+--------+--------+--------+-----+--------+

Top non-repeatable levels by time:
     D:9: 1760 daAuts
     D:8: 1534 daAuts
     D:4: 1436 daAuts
     D:6: 1276 daAuts
     D:5: 1141 daAuts
     D:7: 1039 daAuts
     D:3: 1029 daAuts
     D:2: 987 daAuts
    D:10: 967 daAuts
     D:1: 792 daAuts
  Lair:1: 681 daAuts
    D:11: 570 daAuts
  Temple: 35 daAuts
